 Dungeon Crawl Stone Soup version 0.18-a0-1220-g2dc6208 (webtiles) character file.

5 Psiweapon the Magician (level 1, -1/11 HPs)
             Began as an Octopode Wizard on Feb 3, 2016.
             Slain by a kobold
             ... wielding a +2 short sword of venom
              (6 damage)
             ... on level 1 of the Dungeon.
             The game lasted 00:01:04 (276 turns).

Psiweapon the Magician (Octopode Wizard)             Turns: 276, Time: 00:01:04

Health: -1/11      AC:  1    Str:  6    XL:     1   Next: 80%
Magic:  3/4        EV: 12    Int: 20    God:
Gold:   0          SH:  0    Dex: 10    Spells: 1 memorised, 5 levels left

rFire  . . .     SeeInvis .     e - +0 dagger
rCold  . . .     Gourm    .     (no shield)
rNeg   . . .     Faith    .     a - +0 hat
rPois  .         Spirit   .     (no amulet)
rElec  .         Dismiss  .     (no ring)
rCorr  .         Reflect  .     (no ring)
SustAt .         Harm     .     (no ring)
MR     .....                    (no ring)
Stlth  +++.......               (no ring)
                                (no ring)
                                (no ring)
                                (no ring)

@: not resistant to hostile enchantments, fairly stealthy
A: almost no armour, amphibious, 8 rings, constrict 8, camouflage 1, gelatinous
body 1
a: no special abilities


You were on level 1 of the Dungeon.
You were not hungry.

You visited 1 branch of the dungeon, and saw 1 of its levels.

Inventory:

Hand Weapons
 e - a +0 dagger (weapon)
Missiles
 d - 54 stones (quivered)
Armour
 a - a +0 hat (worn)
Scrolls
 g - a scroll of identify {unknown}
Books
 b - a book of Minor Magic

   Spells                             Type                      Level
   a - Magic Dart                     Conjuration                  1
   b - Blink                          Translocation                2
   c - Call Imp                       Summoning                    2
   d - Repel Missiles                 Charms/Air                   2
   e - Slow                           Hexes                        2
   f - Conjure Flame                  Conjuration/Fire             3
   g - Mephitic Cloud                 Conjuration/Poison/Air       3
Comestibles
 c - 2 bread rations
 f - a chunk of flesh


   Skills:
 + Level 2.0 Dodging
 + Level 2.8 Stealth
 + Level 3.2 Spellcasting
 + Level 1.1 Conjurations
   Level 1.0 Summonings
   Level 1.0 Translocations


You had 5 spell levels left.
You knew the following spells:

 Your Spells              Type           Power        Failure   Level  Hunger
a - Magic Dart            Conj           #...         12%         1    None


Dungeon Overview and Level Annotations

Branches:
Dungeon (1/15)

Altars:


Innate Abilities, Weirdness & Mutations

You cannot wear most types of armour.
You are amphibious.
You can wear up to eight rings at the same time.
You can use your tentacles to constrict eight enemies at once.
Your skin changes colour to match your surroundings (Stealth).
Your rubbery body absorbs attacks (AC +1).


Message History

You see here a rat corpse.
You butcher the rat corpse.
f - a chunk of flesh
c - 2 bread rations (gained 1)
g - a scroll labeled SAXUTE TUATA A kobold comes into view.
It is wielding a short sword of venom.
The kobold shouts!
You hit the kobold but do no damage. Your grab misses the kobold.
The kobold hits you with a short sword of venom.
Ouch! That really hurt!
Casting: Magic Dart
Confirm with . or Enter, or press ? or * to list all spells.
Aiming: Magic Dart
Press: ? - help, Shift-Dir - straight line, f - kobold
Aim: a kobold, wielding a short sword of venom The magic dart hits the kobold.
The kobold is severely wounded.
The kobold hits you with a short sword of venom.
Ouch! That really hurt!
You die...

#.#.....#.#.# ♣
#.#######.#.# ♣
#.≈≈≈≈≈≈≈...# ♣
#..#######.### ♣
#..#!....#.# #
#..###.###.############
# .. #.#...............
#.#.#.######........
#.K@..# ####### ##.##.#
... #.# ####### ###.
#.# ....... #. #.#
####### #. #.# ##### #.
#.. ##.... #. ..
...#...#. #.......


You could see a kobold.

Vanquished Creatures
  A giant gecko (D:1)
  2 goblins (D:1)
  A rat (D:1)
4 creatures vanquished.

Notes
Turn   | Place    | Note
--------------------------------------------------------------
     0 | D:1      | Psiweapon the Octopode Wizard began the quest for the Orb.
     0 | D:1      | Reached XP level 1. HP: 11/11 MP: 4/4
     3 | D:1      | Noticed an electric eel
     3 | D:1      | Noticed an electric eel
   276 | D:1      | Slain by a kobold

Vault maps used:
D:1:      arrival_aquarium_b, serial_forest, infiniplex_forest_zigzag_1,
          infiniplex_forest_lined_corner, infiniplex_forest_lined_corner,
          infiniplex_forest_end_1, infiniplex_forest_lined_2,
          infiniplex_forest_clump_medium, infiniplex_forest_lined_corner,
          infiniplex_forest_straight_2, infiniplex_forest_end_2, grunt_decor_cap

Action                   || total
-------------------------++-------
Melee: Unarmed           ||     6
       Dagger            ||     2
 Cast: Magic Dart        ||     5
 Stab: Sleeping          ||     2
